Red Wings vs Bruins

Created - 22 mars 2022 at 15:57

Goals
1 2 3 OT1 T
Red Wings 2 1 1 1 5
Bruins 1 2 1 0 4
Shots
1 2 3 OT1 T
Red Wings 9 15 5 1 30
Bruins 10 10 13 2 35

GoalsPenalties
1st period
1. Red Wings , Jakub Vrana 25 (Sean Couturier 41, Darnell Nurse 55) at 0:32
2. Red Wings , Sean Walker 10 (Derick Brassard 21) at 9:44 (PP)
3. Bruins , Mattias Ekholm 16 (Matthew Nieto 12) at 17:08
Jack Johnson (DET) for Slashing (Minor) at 4:34
Brenden Dillon (BOS) for Hooking (Minor) at 6:38
Sam Reinhart (BOS) for Hooking (Minor) at 9:12
2nd period
4. Bruins , Olli Maatta 9 (Jack Eichel 46, Sam Reinhart 23) at 2:55
5. Bruins , Jack Eichel 33 (Tomas Hertl 50, Dominik Kubalik 19) at 5:26 (PP)
6. Red Wings , Tyler Ennis 3 (Darnell Nurse 56, Drake Caggiula 11) at 18:15
Mario Ferraro (BOS) for Holding (Minor) at 0:46
Oliver Ekman-Larsson (DET) for Slashing (Minor) at 4:35
Bryan Little (BOS) for Tripping (Minor) at 19:09
3rd period
7. Bruins , Brenden Dillon 5 (Carter Verhaeghe 27, Tomas Hertl 51) at 7:30
8. Red Wings , Gustav Nyquist 9 (Derick Brassard 22, Jakob Chychrun 36) at 14:25
Oskar Sundqvist (DET) for Goalie Interference (Minor) at 1:55
Nino Niederreiter (DET) for Cross-checking (Minor) at 7:58
Nino Niederreiter (DET) for Holding (Minor) at 19:30
Overtime #1
9. Red Wings , Darnell Nurse 17 (Tyler Bertuzzi 22, Sean Couturier 42) at 1:55
No Penalty
Goalie Stats
Vitek Vanecek (DET), 31 saves from 35 shots - (0,886), W, 27-18-6, 61:56 minutes
Jack Campbell (BOS), 25 saves from 30 shots - (0,833), OTL, 27-16-6, 61:56 minutes
3 StarsOfficial
1 - Darnell Nurse (DET)
2 - Derick Brassard (DET)
3 - Brenden Dillon (BOS)
Referees : Gord Dwyer and Tom Chmielewski
Linesman : Bryan Pancich and Lonnie Cameron
Game Note
No Game Note



Team Name Goals Shots Shots Attemp Shots Blocked PIM HIT PP PK FO%
Red Wings 53058810161 / 4 (25%)157%
Bruins 4357478231 / 5 (20%)143%

Red Wings
Player Name POS G A P +/- PIM HIT SHT SB MP PP MP PP SHT PK MP PK SHT FO% FOT
Conor GarlandLW/RW0001001017:543:2010:000100% 2
Danny DeKeyserD0000010017:490:2405:0400% 0
Darnell NurseD1231013425:373:0723:5400% 0
Derick BrassardC/RW0221040019:183:0901:35070% 20
Dominik KahunC/LW/RW000100008:230:0000:25050% 6
Drake CaggiulaC/LW/RW0111010010:410:0002:4300% 0
Gustav NyquistC/LW/RW1011003017:433:0910:0000% 1
Jack JohnsonD0000210118:240:0002:5300% 0
Jakob ChychrunD0110023023:013:0721:2200% 0
Jakub VranaLW/RW1010003016:543:2000:0000% 1
Miles WoodLW000-2011014:090:0003:5000% 1
Nino NiederreiterLW/RW000-2402010:170:0000:0000% 2
Oliver Ekman-LarssonD0000212322:262:5813:5700% 0
Oskar SundqvistC/LW/RW000-2211013:060:0002:48052% 21
Sean CouturierC0221003021:413:2014:43061% 33
Sean WalkerD1010011016:073:2210:2400% 0
Tyler BertuzziLW/RW0111023016:583:0910:0000% 1
Tyler EnnisC/LW/RW101100407:580:0000:0000% 0
Bruins
Player Name POS G A P +/- PIM HIT SHT SB MP PP MP PP SHT PK MP PK SHT FO% FOT
Brenden DillonD1010282119:320:0003:0600% 0
Bryan LittleC/RW0000212019:533:5610:10020% 10
Carter VerhaegheC/LW/RW0110002019:203:5620:0000% 1
Cole CaufieldRW000-1002012:213:4910:00050% 2
Derek StepanC000102109:410:0001:54045% 11
Dominik KubalikLW/RW011-1004018:363:2810:0000% 1
Haydn FleuryD0000000011:280:0000:0000% 0
Jack EichelC112-1003019:133:2120:00067% 21
Jakub VoracekLW/RW000-1023012:574:2500:00050% 2
Joel EdmundsonD000-1051427:023:4903:0900% 0
Kirby DachC/RW000101209:410:0001:5400% 1
Mario FerraroD0000220218:550:0002:2900% 0
Matthew NietoLW/RW0111000012:220:0004:3500% 0
Mattias EkholmD1010014026:282:5923:4000% 0
Nick SchmaltzC/RW000-100108:320:0000:00022% 9
Olli MaattaD1010002012:420:2900:3400% 0
Sam ReinhartC/RW0110213018:373:2120:00050% 2
Tomas HertlC/LW0220003023:252:5214:25043% 28

Red Wings

5 vs 5 Forward
Line #Left WingCenterRight WingPHYDFOFWanted %Time %Time Play
1Jakub VranaSean CouturierTyler Bertuzzi1223029%13:23
2Gustav NyquistDerick BrassardConor Garland1223032%14:34
3Nino NiederreiterOskar SundqvistMiles Wood1222422%10:19
4Tyler EnnisDominik KahunDrake Caggiula1221617%7:58
5 vs 5 Defense
Line #DefenseDefensePHYDFOFWanted %Time %Time Play
1Darnell NurseJakob Chychrun1223028%12:48
2Oliver Ekman-LarssonJack Johnson1223034%15:32
3Sean WalkerDanny DeKeyser1222427%12:21
4Darnell NurseJakob Chychrun1221612%5:33
Power Play Forward
Line #Left WingCenterRight WingPHYDFOFWanted %Time %Time Play
1Conor GarlandSean CouturierJakub Vrana1225051%3:20
2Tyler BertuzziDerick BrassardGustav Nyquist1225049%3:09
Power Play Defense
Line #DefenseDefensePHYDFOFWanted %Time %Time Play
1Darnell NurseJakob Chychrun1225048%3:07
2Oliver Ekman-LarssonSean Walker1225052%3:22
Penalty Kill 4 Players Forward
Line #CenterWingPHYDFOFWanted %Time %Time Play
1Sean CouturierMiles Wood1225053%3:50
2Oskar SundqvistDrake Caggiula1225047%3:27
Penalty Kill 4 Players Defense
Line #DefenseDefensePHYDFOFWanted %Time %Time Play
1Darnell NurseJack Johnson1225046%3:22
2Oliver Ekman-LarssonDanny DeKeyser1225054%3:55
Penalty Kill 3 Players
Line #WingPHYDFOFWanted %Time %Time PlayDefenseDefensePHYDFOFWanted %Time %Time Play
1Sean Couturier1225059%0:53 Darnell NurseJack Johnson1225059%0:53
2Oskar Sundqvist1225041%0:37 Oliver Ekman-LarssonDanny DeKeyser1225041%0:37
4 vs 4 Forward
Line #CenterWingPHYDFOFWanted %Time %Time Play
1Sean CouturierJakub Vrana122500%0:00
2Tyler BertuzziConor Garland122500%0:00
4 vs 4 Defense
Line #DefensePHYDFOFWanted %Time %Time Play
1Darnell NurseOliver Ekman-Larsson122500%0:00
2Jakob ChychrunSean Walker122500%0:00
Last Minutes Offensive
Left WingCenterRight WingDefenseDefense
Jakub VranaSean CouturierConor GarlandDarnell NurseJakob Chychrun
Last Minutes Defensive
Left WingCenterRight WingDefenseDefense
Miles WoodSean CouturierOskar SundqvistDarnell NurseJack Johnson
Time
Total ForwardTotal DefenseLast Minutes OffensiveLast Minutes Defensive
61:30 61:30 0:000:00
Extra Forwards
Normal PowerPlayPenalty Kill
Sean Couturier, Conor Garland, Tyler BertuzziNino Niederreiter, Derick BrassardDerick Brassard
Extra Defensemen
Normal PowerPlayPenalty Kill
Darnell Nurse, Oliver Ekman-Larsson, Jakob ChychrunOliver Ekman-Larsson, Jakob ChychrunDarnell Nurse
Penalty Shots
Sean Couturier, Tyler Bertuzzi, Conor Garland, Nino Niederreiter, Miles Wood
Goalie
Vitek Vanecek, Calvin Petersen
Custom OT Lines Forwards
Sean Couturier, Tyler Bertuzzi, Jakub Vrana, Conor Garland, Gustav Nyquist, Nino Niederreiter, Tyler Ennis, Miles Wood, Derick Brassard, Oskar Sundqvist
Custom OT Lines Defensemen
Darnell Nurse, Jakob Chychrun, Oliver Ekman-Larsson, Sean Walker, Danny DeKeyser
Scratches
Dylan Sikura (Healthy), Slater Koekkoek (Healthy), Mason Marchment (Healthy)

Bruins

5 vs 5 Forward
Line #Left WingCenterRight WingPHYDFOFWanted %Time %Time Play
1Carter VerhaegheTomas HertlBryan Little0233733%15:13
2Dominik KubalikJack EichelSam Reinhart0233232%14:42
3Jakub VoracekNick SchmaltzCole Caufield0231818%8:32
4Matthew NietoDerek StepanKirby Dach0321317%7:47
5 vs 5 Defense
Line #DefenseDefensePHYDFOFWanted %Time %Time Play
1Mattias EkholmJoel Edmundson0414140%18:29
2Brenden DillonMario Ferraro1313034%15:52
3Haydn FleuryOlli Maatta0321925%11:28
4Mattias EkholmJoel Edmundson014101%0:25
Power Play Forward
Line #Left WingCenterRight WingPHYDFOFWanted %Time %Time Play
1Tomas HertlJack EichelSam Reinhart0056046%3:21
2Carter VerhaegheBryan LittleJakub Voracek0054054%3:56
Power Play Defense
Line #DefenseDefensePHYDFOFWanted %Time %Time Play
1Mattias EkholmDominik Kubalik0056048%3:28
2Joel EdmundsonCole Caufield0144052%3:49
Penalty Kill 4 Players Forward
Line #CenterWingPHYDFOFWanted %Time %Time Play
1Tomas HertlMatthew Nieto0506071%4:35
2Derek StepanKirby Dach0504029%1:54
Penalty Kill 4 Players Defense
Line #DefenseDefensePHYDFOFWanted %Time %Time Play
1Brenden DillonMattias Ekholm2306062%4:02
2Joel EdmundsonMario Ferraro0504038%2:27
Penalty Kill 3 Players
Line #WingPHYDFOFWanted %Time %Time PlayDefenseDefensePHYDFOFWanted %Time %Time Play
1Matthew Nieto050500%0:00 Mattias EkholmBrenden Dillon050600%0:00
2Tomas Hertl050500%0:00 Joel EdmundsonMario Ferraro050400%0:00
4 vs 4 Forward
Line #CenterWingPHYDFOFWanted %Time %Time Play
1Jack EichelTomas Hertl0145061%0:55
2Bryan LittleSam Reinhart0235039%0:35
4 vs 4 Defense
Line #DefensePHYDFOFWanted %Time %Time Play
1Mattias EkholmJoel Edmundson0235061%50% - 0:55
2Mario FerraroBrenden Dillon1315039%50% - 0:35
Last Minutes Offensive
Left WingCenterRight WingDefenseDefense
Jack EichelTomas HertlSam ReinhartMattias EkholmJoel Edmundson
Last Minutes Defensive
Left WingCenterRight WingDefenseDefense
Tomas HertlDerek StepanMatthew NietoMattias EkholmJoel Edmundson
Time
Total ForwardTotal DefenseLast Minutes OffensiveLast Minutes Defensive
61:30 61:30 0:000:00
Extra Forwards
Normal PowerPlayPenalty Kill
Tomas Hertl, Jack Eichel, Sam ReinhartTomas Hertl, Jakub VoracekBryan Little
Extra Defensemen
Normal PowerPlayPenalty Kill
Mattias Ekholm, Joel Edmundson, Brenden DillonMario Ferraro, Mattias EkholmJoel Edmundson
Penalty Shots
Jack Eichel, Dominik Kubalik, Sam Reinhart, Tomas Hertl, Carter Verhaeghe
Goalie
Jack Campbell, Alexandar Georgiev
Custom OT Lines Forwards
Jack Eichel, Dominik Kubalik, Tomas Hertl, Sam Reinhart, Carter Verhaeghe, Jakub Voracek, Kirby Dach, Nick Schmaltz, Cole Caufield, Bryan Little
Custom OT Lines Defensemen
Joel Edmundson, Mattias Ekholm, Brenden Dillon, Mario Ferraro, Olli Maatta
Scratches
Evgeny Svechnikov (Healthy), Jake Virtanen (Healthy), Patrick Marleau (Healthy)


Play-by-Play

1st period


0:01 of 1st period - Sean Couturier wins face-off versus Tomas Hertl in neutral zone.
0:32 of 1st period - Shot by Jakub Vrana.
0:32 of 1st period - Goal by Jakub Vrana - Red Wings : 1 - Bruins : 0.
0:33 of 1st period - Derick Brassard wins face-off versus Sam Reinhart in neutral zone.
0:41 of 1st period - Gustav Nyquist is hit by Brenden Dillon and loses puck.
1:49 of 1st period - Shot by Jakub Voracek.
1:49 of 1st period - Stopped by Vitek Vanecek without a rebound.
1:50 of 1st period - Derek Stepan wins face-off versus Dominik Kahun in Red Wings zone.
3:20 of 1st period - Shot by Tomas Hertl.
3:20 of 1st period - Shot Blocked by Darnell Nurse.
3:40 of 1st period - Shot by Dominik Kubalik.
3:40 of 1st period - Stopped by Vitek Vanecek without a rebound.
3:41 of 1st period - Sean Couturier wins face-off versus Nick Schmaltz in Red Wings zone.
3:47 of 1st period - Sean Walker is hit by Joel Edmundson.
3:50 of 1st period - Sean Couturier is hit by Mattias Ekholm and loses puck.
3:59 of 1st period - Shot by Jakub Vrana.
3:59 of 1st period - Shot Blocked by Joel Edmundson.
4:01 of 1st period - Shot by Tyler Bertuzzi.
4:01 of 1st period - Stopped by Jack Campbell with a rebound.
4:03 of 1st period - Shot by Jakub Vrana.
4:03 of 1st period - Stopped by Jack Campbell with a rebound.
4:05 of 1st period - Shot by Sean Couturier.
4:05 of 1st period - Stopped by Jack Campbell without a rebound.
4:06 of 1st period - Jack Eichel wins face-off versus Miles Wood in Bruins zone.
4:14 of 1st period - Sam Reinhart is hit by Jack Johnson and loses puck.
4:34 of 1st period - Minor Penalty to Jack Johnson for Slashing.
4:35 of 1st period - Sean Couturier wins face-off versus Bryan Little in Red Wings zone.
5:00 of 1st period - Off-side.
5:01 of 1st period - Sean Couturier wins face-off versus Jack Eichel in neutral zone.
5:15 of 1st period - Shot by Mattias Ekholm.
5:15 of 1st period - Stopped by Vitek Vanecek with a rebound.
5:21 of 1st period - Shot by Tomas Hertl.
5:21 of 1st period - Stopped by Vitek Vanecek with a rebound.
5:23 of 1st period - Shot by Dominik Kubalik.
5:23 of 1st period - Shot Misses the Net.
6:17 of 1st period - Shot by Carter Verhaeghe.
6:17 of 1st period - Stopped by Vitek Vanecek without a rebound.
6:18 of 1st period - Sean Couturier wins face-off versus Bryan Little in Red Wings zone.
6:37 of 1st period - Shot by Jakub Voracek.
6:37 of 1st period - Shot Blocked by Oliver Ekman-Larsson.
6:38 of 1st period - Minor Penalty to Brenden Dillon for Hooking.
6:39 of 1st period - Tomas Hertl wins face-off versus Derick Brassard in Bruins zone.
7:16 of 1st period - Shot by Derick Brassard.
7:16 of 1st period - Shot Misses the Net.
9:12 of 1st period - Minor Penalty to Sam Reinhart for Hooking.
9:13 of 1st period - Sean Couturier wins face-off versus Derek Stepan in Bruins zone.
9:40 of 1st period - Shot by Darnell Nurse.
9:40 of 1st period - Shot Misses the Net.
9:42 of 1st period - Shot by Darnell Nurse.
9:42 of 1st period - Stopped by Jack Campbell without a rebound.
9:43 of 1st period - Derick Brassard wins face-off versus Kirby Dach in Bruins zone.
9:44 of 1st period - Shot by Sean Walker.
9:44 of 1st period - Goal by Sean Walker - Red Wings : 2 - Bruins : 0.
9:45 of 1st period - Oskar Sundqvist wins face-off versus Jack Eichel in neutral zone.
10:06 of 1st period - Shot by Jack Eichel.
10:06 of 1st period - Shot Misses the Net.
10:08 of 1st period - Shot by Mattias Ekholm.
10:08 of 1st period - Stopped by Vitek Vanecek without a rebound.
10:09 of 1st period - Derick Brassard wins face-off versus Cole Caufield in Red Wings zone.
10:26 of 1st period - Icing by Olli Maatta.
10:27 of 1st period - Sean Couturier wins face-off versus Nick Schmaltz in Bruins zone.
10:28 of 1st period - Shot by Jakub Vrana.
10:28 of 1st period - Stopped by Jack Campbell without a rebound.
10:29 of 1st period - Sean Couturier wins face-off versus Carter Verhaeghe in Bruins zone.
11:35 of 1st period - Shot by Sam Reinhart.
11:35 of 1st period - Shot Misses the Net.
12:31 of 1st period - Shot by Cole Caufield.
12:31 of 1st period - Stopped by Vitek Vanecek without a rebound.
12:32 of 1st period - Oskar Sundqvist wins face-off versus Derek Stepan in Red Wings zone.
12:43 of 1st period - Miles Wood is hit by Kirby Dach and loses puck.
13:12 of 1st period - Derek Stepan is hit by Miles Wood and loses puck.
14:41 of 1st period - Shot by Jack Eichel.
14:41 of 1st period - Stopped by Vitek Vanecek without a rebound.
14:42 of 1st period - Derick Brassard wins face-off versus Nick Schmaltz in Red Wings zone.
14:42 of 1st period - Derick Brassard is hit by Brenden Dillon.
15:06 of 1st period - Shot by Conor Garland.
15:06 of 1st period - Shot Blocked by Mario Ferraro.
15:43 of 1st period - Shot by Tyler Ennis.
15:43 of 1st period - Stopped by Jack Campbell without a rebound.
15:44 of 1st period - Tomas Hertl wins face-off versus Oskar Sundqvist in Bruins zone.
16:01 of 1st period - Shot by Tomas Hertl.
16:01 of 1st period - Shot Misses the Net.
16:16 of 1st period - Off-side.
16:17 of 1st period - Sean Couturier wins face-off versus Dominik Kubalik in neutral zone.
16:38 of 1st period - Shot by Oliver Ekman-Larsson.
16:38 of 1st period - Stopped by Jack Campbell without a rebound.
16:39 of 1st period - Derick Brassard wins face-off versus Derek Stepan in Bruins zone.
16:48 of 1st period - Shot by Conor Garland.
16:48 of 1st period - Shot Blocked by Joel Edmundson.
16:51 of 1st period - Icing by Joel Edmundson.
16:52 of 1st period - Derek Stepan wins face-off versus Sean Couturier in Bruins zone.
16:52 of 1st period - Derek Stepan is hit by Tyler Bertuzzi.
17:06 of 1st period - Shot by Matthew Nieto.
17:06 of 1st period - Shot Blocked by Darnell Nurse.
17:08 of 1st period - Shot by Mattias Ekholm.
17:08 of 1st period - Goal by Mattias Ekholm - Red Wings : 2 - Bruins : 1.
17:09 of 1st period - Conor Garland wins face-off versus Tomas Hertl in neutral zone.
17:23 of 1st period - Tomas Hertl is hit by Oliver Ekman-Larsson and loses puck.
17:50 of 1st period - Shot by Gustav Nyquist.
17:50 of 1st period - Shot Misses the Net.
18:21 of 1st period - Icing by Derick Brassard.
18:22 of 1st period - Nick Schmaltz wins face-off versus Derick Brassard in Red Wings zone.
18:49 of 1st period - Shot by Cole Caufield.
18:49 of 1st period - Deflect By Nick Schmaltz.
18:49 of 1st period - Stopped by Vitek Vanecek without a rebound.
18:50 of 1st period - Jack Eichel wins face-off versus Sean Couturier in Red Wings zone.
19:05 of 1st period - Shot by Jack Eichel.
19:05 of 1st period - Shot Misses the Net.
19:21 of 1st period - Shot by Sean Couturier.
19:21 of 1st period - Shot Misses the Net.
19:23 of 1st period - Shot by Jakob Chychrun.
19:23 of 1st period - Shot Misses the Net.
19:31 of 1st period - Shot by Jakub Vrana.
19:31 of 1st period - Shot Misses the Net.
19:35 of 1st period - Shot by Sean Couturier.
19:35 of 1st period - Shot Misses the Net.
19:44 of 1st period - Off-side.
19:45 of 1st period - Oskar Sundqvist wins face-off versus Tomas Hertl in neutral zone.
Goals for this period are 2 for Red Wings vs 1 for Bruins.
Shots for this period are 9 for Red Wings vs 10 for Bruins.

2nd period


0:01 of 2nd period - Sean Couturier wins face-off versus Tomas Hertl in neutral zone.
0:14 of 2nd period - Darnell Nurse is hit by Bryan Little and loses puck.
0:43 of 2nd period - Shot by Tyler Bertuzzi.
0:43 of 2nd period - Deflect By Sean Couturier.
0:43 of 2nd period - Stopped by Jack Campbell without a rebound.
0:44 of 2nd period - Derick Brassard wins face-off versus Jack Eichel in Bruins zone.
0:46 of 2nd period - Minor Penalty to Mario Ferraro for Holding.
0:47 of 2nd period - Derick Brassard wins face-off versus Tomas Hertl in Bruins zone.
1:38 of 2nd period - Shot by Darnell Nurse.
1:38 of 2nd period - Shot Misses the Net.
1:40 of 2nd period - Shot by Darnell Nurse.
1:40 of 2nd period - Shot Blocked by Joel Edmundson.
1:42 of 2nd period - Shot by Conor Garland.
1:42 of 2nd period - Shot Misses the Net.
1:44 of 2nd period - Shot by Jakub Vrana.
1:44 of 2nd period - Shot Misses the Net.
1:46 of 2nd period - Shot by Jakob Chychrun.
1:46 of 2nd period - Stopped by Jack Campbell without a rebound.
1:47 of 2nd period - Conor Garland wins face-off versus Tomas Hertl in Bruins zone.
2:20 of 2nd period - Shot by Jakob Chychrun.
2:20 of 2nd period - Stopped by Jack Campbell without a rebound.
2:21 of 2nd period - Derick Brassard wins face-off versus Derek Stepan in Bruins zone.
2:26 of 2nd period - Shot by Gustav Nyquist.
2:26 of 2nd period - Stopped by Jack Campbell without a rebound.
2:27 of 2nd period - Derick Brassard wins face-off versus Tomas Hertl in Bruins zone.
2:47 of 2nd period - Icing by Sean Walker.
2:48 of 2nd period - Jack Eichel wins face-off versus Oskar Sundqvist in Red Wings zone.
2:53 of 2nd period - Shot by Jack Eichel.
2:53 of 2nd period - Shot Misses the Net.
2:55 of 2nd period - Shot by Olli Maatta.
2:55 of 2nd period - Goal by Olli Maatta - Red Wings : 2 - Bruins : 2.
2:56 of 2nd period - Jack Eichel wins face-off versus Derick Brassard in neutral zone.
2:59 of 2nd period - Shot by Dominik Kubalik.
2:59 of 2nd period - Stopped by Vitek Vanecek without a rebound.
3:00 of 2nd period - Jack Eichel wins face-off versus Derick Brassard in Red Wings zone.
3:12 of 2nd period - Shot by Sam Reinhart.
3:12 of 2nd period - Shot Misses the Net.
3:29 of 2nd period - Icing by Mattias Ekholm.
3:30 of 2nd period - Sean Couturier wins face-off versus Jack Eichel in Bruins zone.
3:30 of 2nd period - Jakob Chychrun is hit by Joel Edmundson and loses puck.
4:11 of 2nd period - Shot by Sean Couturier.
4:11 of 2nd period - Shot Misses the Net.
4:13 of 2nd period - Shot by Darnell Nurse.
4:13 of 2nd period - Shot Misses the Net.
4:22 of 2nd period - Icing by Tomas Hertl.
4:23 of 2nd period - Tomas Hertl wins face-off versus Oskar Sundqvist in Bruins zone.
4:34 of 2nd period - Shot by Bryan Little.
4:34 of 2nd period - Stopped by Vitek Vanecek with a rebound.
4:35 of 2nd period - Minor Penalty to Oliver Ekman-Larsson for Slashing.
4:36 of 2nd period - Jakub Voracek wins face-off versus Oskar Sundqvist in Red Wings zone.
4:36 of 2nd period - Cole Caufield is hit by Jakob Chychrun and loses puck.
4:46 of 2nd period - Icing by Jakub Voracek.
4:47 of 2nd period - Oskar Sundqvist wins face-off versus Bryan Little in Bruins zone.
4:58 of 2nd period - Shot by Cole Caufield.
4:58 of 2nd period - Stopped by Vitek Vanecek without a rebound.
4:59 of 2nd period - Oskar Sundqvist wins face-off versus Jack Eichel in Red Wings zone.
5:20 of 2nd period - Shot by Dominik Kubalik.
5:20 of 2nd period - Stopped by Vitek Vanecek with a rebound.
5:22 of 2nd period - Shot by Tomas Hertl.
5:22 of 2nd period - Shot Misses the Net.
5:24 of 2nd period - Shot by Tomas Hertl.
5:24 of 2nd period - Shot Misses the Net.
5:26 of 2nd period - Shot by Jack Eichel.
5:26 of 2nd period - Goal by Jack Eichel - Red Wings : 2 - Bruins : 3.
5:27 of 2nd period - Derick Brassard wins face-off versus Nick Schmaltz in neutral zone.
6:11 of 2nd period - Oliver Ekman-Larsson is hit by Jakub Voracek and loses puck.
6:18 of 2nd period - Mario Ferraro is hit by Derick Brassard and loses puck.
6:45 of 2nd period - Icing by Brenden Dillon.
6:46 of 2nd period - Oskar Sundqvist wins face-off versus Jakub Voracek in Bruins zone.
7:18 of 2nd period - Shot by Tomas Hertl.
7:18 of 2nd period - Shot Misses the Net.
7:20 of 2nd period - Shot by Tomas Hertl.
7:20 of 2nd period - Shot Misses the Net.
7:22 of 2nd period - Shot by Tomas Hertl.
7:22 of 2nd period - Stopped by Vitek Vanecek without a rebound.
7:23 of 2nd period - Jack Eichel wins face-off versus Tyler Bertuzzi in Red Wings zone.
7:23 of 2nd period - Dominik Kubalik is hit by Danny DeKeyser and loses puck.
7:27 of 2nd period - Jack Eichel is hit by Sean Walker and loses puck.
7:43 of 2nd period - Icing by Sean Walker.
7:44 of 2nd period - Sean Couturier wins face-off versus Tomas Hertl in Red Wings zone.
8:16 of 2nd period - Icing by Sean Couturier.
8:17 of 2nd period - Sam Reinhart wins face-off versus Sean Couturier in Red Wings zone.
9:24 of 2nd period - Matthew Nieto is hit by Jakob Chychrun and loses puck.
10:18 of 2nd period - Off-side.
10:19 of 2nd period - Nick Schmaltz wins face-off versus Dominik Kahun in neutral zone.
10:32 of 2nd period - Shot by Nick Schmaltz.
10:32 of 2nd period - Shot Blocked by Oliver Ekman-Larsson.
10:34 of 2nd period - Shot by Haydn Fleury.
10:34 of 2nd period - Shot Misses the Net.
10:36 of 2nd period - Shot by Jakub Voracek.
10:36 of 2nd period - Stopped by Vitek Vanecek without a rebound.
10:37 of 2nd period - Oskar Sundqvist wins face-off versus Tomas Hertl in Red Wings zone.
10:41 of 2nd period - Danny DeKeyser is hit by Brenden Dillon and loses puck.
11:08 of 2nd period - Miles Wood is hit by Mario Ferraro.
11:16 of 2nd period - Sean Walker is hit by Brenden Dillon and loses puck.
11:22 of 2nd period - Oskar Sundqvist is hit by Brenden Dillon and loses puck.
11:37 of 2nd period - Shot by Tyler Ennis.
11:37 of 2nd period - Stopped by Jack Campbell with a rebound.
11:39 of 2nd period - Shot by Dominik Kahun.
11:39 of 2nd period - Shot Misses the Net.
11:41 of 2nd period - Shot by Drake Caggiula.
11:41 of 2nd period - Shot Misses the Net.
11:45 of 2nd period - Shot by Tyler Ennis.
11:45 of 2nd period - Stopped by Jack Campbell without a rebound.
11:46 of 2nd period - Jack Eichel wins face-off versus Sean Couturier in Bruins zone.
12:28 of 2nd period - Joel Edmundson is hit by Tyler Bertuzzi and loses puck.
13:23 of 2nd period - Icing by Joel Edmundson.
13:24 of 2nd period - Jack Eichel wins face-off versus Oskar Sundqvist in Bruins zone.
13:43 of 2nd period - Oskar Sundqvist is hit by Brenden Dillon and loses puck.
14:04 of 2nd period - Shot by Nino Niederreiter.
14:04 of 2nd period - Stopped by Jack Campbell without a rebound.
14:05 of 2nd period - Derick Brassard wins face-off versus Tomas Hertl in Bruins zone.
14:34 of 2nd period - Shot by Bryan Little.
14:34 of 2nd period - Shot Misses the Net.
14:48 of 2nd period - Shot by Gustav Nyquist.
14:48 of 2nd period - Stopped by Jack Campbell without a rebound.
14:49 of 2nd period - Sean Couturier wins face-off versus Nick Schmaltz in Bruins zone.
15:52 of 2nd period - Shot by Kirby Dach.
15:52 of 2nd period - Stopped by Vitek Vanecek without a rebound.
15:53 of 2nd period - Oskar Sundqvist wins face-off versus Tomas Hertl in Red Wings zone.
16:18 of 2nd period - Shot by Nino Niederreiter.
16:18 of 2nd period - Stopped by Jack Campbell with a rebound.
16:28 of 2nd period - Shot by Oliver Ekman-Larsson.
16:28 of 2nd period - Shot Misses the Net.
16:30 of 2nd period - Shot by Oskar Sundqvist.
16:30 of 2nd period - Shot Misses the Net.
16:32 of 2nd period - Shot by Jack Johnson.
16:32 of 2nd period - Shot Misses the Net.
17:02 of 2nd period - Haydn Fleury is hit by Derick Brassard and loses puck.
17:19 of 2nd period - Shot by Dominik Kubalik.
17:19 of 2nd period - Shot Misses the Net.
17:46 of 2nd period - Sean Walker is hit by Brenden Dillon.
18:02 of 2nd period - Shot by Derek Stepan.
18:02 of 2nd period - Stopped by Vitek Vanecek without a rebound.
18:03 of 2nd period - Dominik Kahun wins face-off versus Nick Schmaltz in Red Wings zone.
18:09 of 2nd period - Jakob Chychrun is hit by Mario Ferraro.
18:15 of 2nd period - Shot by Tyler Ennis.
18:15 of 2nd period - Goal by Tyler Ennis - Red Wings : 3 - Bruins : 3.
18:16 of 2nd period - Derek Stepan wins face-off versus Sean Couturier in neutral zone.
18:26 of 2nd period - Icing by Jack Johnson.
18:27 of 2nd period - Tomas Hertl wins face-off versus Sean Couturier in Red Wings zone.
18:46 of 2nd period - Shot by Sean Couturier.
18:46 of 2nd period - Shot Misses the Net.
18:57 of 2nd period - Jakub Vrana is hit by Joel Edmundson and loses puck.
19:09 of 2nd period - Minor Penalty to Bryan Little for Tripping.
19:10 of 2nd period - Tomas Hertl wins face-off versus Derick Brassard in Bruins zone.
19:31 of 2nd period - Shot by Darnell Nurse.
19:31 of 2nd period - Stopped by Jack Campbell with a rebound.
19:33 of 2nd period - Shot by Darnell Nurse.
19:33 of 2nd period - Shot Misses the Net.
19:35 of 2nd period - Shot by Tyler Bertuzzi.
19:35 of 2nd period - Stopped by Jack Campbell without a rebound.
19:36 of 2nd period - Sean Couturier wins face-off versus Derek Stepan in Bruins zone.
19:37 of 2nd period - Shot by Oliver Ekman-Larsson.
19:37 of 2nd period - Stopped by Jack Campbell with a rebound.
19:39 of 2nd period - Shot by Sean Couturier.
19:39 of 2nd period - Stopped by Jack Campbell without a rebound.
19:40 of 2nd period - Sean Couturier wins face-off versus Tomas Hertl in Bruins zone.
19:45 of 2nd period - Shot by Conor Garland.
19:45 of 2nd period - Stopped by Jack Campbell without a rebound.
19:46 of 2nd period - Sean Couturier wins face-off versus Tomas Hertl in Bruins zone.
19:59 of 2nd period - Shot by Conor Garland.
19:59 of 2nd period - Shot Misses the Net.
Goals for this period are 1 for Red Wings vs 2 for Bruins.
Shots for this period are 15 for Red Wings vs 10 for Bruins.

3rd period


0:01 of 3rd period - Tomas Hertl wins face-off versus Sean Couturier in neutral zone.
0:58 of 3rd period - Darnell Nurse is hit by Derek Stepan and loses puck.
1:05 of 3rd period - Derek Stepan is hit by Derick Brassard.
1:16 of 3rd period - Off-side.
1:17 of 3rd period - Jack Eichel wins face-off versus Nino Niederreiter in neutral zone.
1:26 of 3rd period - Shot by Jack Eichel.
1:26 of 3rd period - Shot Misses the Net.
1:55 of 3rd period - Minor Penalty to Oskar Sundqvist for Goalie Interference.
1:56 of 3rd period - Derick Brassard wins face-off versus Bryan Little in Red Wings zone.
1:56 of 3rd period - Derick Brassard is hit by Jakub Voracek.
2:09 of 3rd period - Shot by Bryan Little.
2:09 of 3rd period - Stopped by Vitek Vanecek without a rebound.
2:10 of 3rd period - Derick Brassard wins face-off versus Bryan Little in Red Wings zone.
3:27 of 3rd period - Drake Caggiula is hit by Sam Reinhart and loses puck.
3:34 of 3rd period - Shot by Sam Reinhart.
3:34 of 3rd period - Stopped by Vitek Vanecek with a rebound.
3:36 of 3rd period - Shot by Joel Edmundson.
3:36 of 3rd period - Shot Misses the Net.
4:00 of 3rd period - Shot by Derek Stepan.
4:00 of 3rd period - Shot Misses the Net.
4:02 of 3rd period - Shot by Mario Ferraro.
4:02 of 3rd period - Shot Misses the Net.
4:12 of 3rd period - Shot by Matthew Nieto.
4:12 of 3rd period - Shot Blocked by Darnell Nurse.
4:14 of 3rd period - Shot by Brenden Dillon.
4:14 of 3rd period - Stopped by Vitek Vanecek without a rebound.
4:15 of 3rd period - Derek Stepan wins face-off versus Sean Couturier in Red Wings zone.
4:16 of 3rd period - Shot by Kirby Dach.
4:16 of 3rd period - Stopped by Vitek Vanecek with a rebound.
4:24 of 3rd period - Shot by Kirby Dach.
4:24 of 3rd period - Shot Misses the Net.
4:26 of 3rd period - Shot by Olli Maatta.
4:26 of 3rd period - Stopped by Vitek Vanecek without a rebound.
4:27 of 3rd period - Cole Caufield wins face-off versus Oskar Sundqvist in Red Wings zone.
4:38 of 3rd period - Shot by Oskar Sundqvist.
4:38 of 3rd period - Stopped by Jack Campbell without a rebound.
4:39 of 3rd period - Tomas Hertl wins face-off versus Sean Couturier in Bruins zone.
5:05 of 3rd period - Shot by Tomas Hertl.
5:05 of 3rd period - Shot Misses the Net.
5:21 of 3rd period - Shot by Tyler Bertuzzi.
5:21 of 3rd period - Stopped by Jack Campbell with a rebound.
5:36 of 3rd period - Icing by Mattias Ekholm.
5:37 of 3rd period - Tomas Hertl wins face-off versus Dominik Kahun in Bruins zone.
5:37 of 3rd period - Tomas Hertl is hit by Drake Caggiula.
5:40 of 3rd period - Icing by Mattias Ekholm.
5:41 of 3rd period - Tomas Hertl wins face-off versus Gustav Nyquist in Bruins zone.
5:55 of 3rd period - Shot by Gustav Nyquist.
5:55 of 3rd period - Shot Misses the Net.
6:21 of 3rd period - Shot by Jakob Chychrun.
6:21 of 3rd period - Shot Blocked by Mario Ferraro.
6:23 of 3rd period - Shot by Jakob Chychrun.
6:23 of 3rd period - Stopped by Jack Campbell without a rebound.
6:24 of 3rd period - Dominik Kahun wins face-off versus Nick Schmaltz in Bruins zone.
7:23 of 3rd period - Shot by Joel Edmundson.
7:23 of 3rd period - Shot Misses the Net.
7:25 of 3rd period - Shot by Joel Edmundson.
7:25 of 3rd period - Stopped by Vitek Vanecek without a rebound.
7:26 of 3rd period - Tomas Hertl wins face-off versus Nino Niederreiter in Red Wings zone.
7:26 of 3rd period - Tomas Hertl is hit by Darnell Nurse.
7:28 of 3rd period - Shot by Carter Verhaeghe.
7:28 of 3rd period - Shot Misses the Net.
7:30 of 3rd period - Shot by Brenden Dillon.
7:30 of 3rd period - Goal by Brenden Dillon - Red Wings : 3 - Bruins : 4.
7:31 of 3rd period - Sean Couturier wins face-off versus Tomas Hertl in neutral zone.
7:33 of 3rd period - Jakob Chychrun is hit by Joel Edmundson and loses puck.
7:57 of 3rd period - Icing by Mattias Ekholm.
7:58 of 3rd period - Tomas Hertl wins face-off versus Oskar Sundqvist in Bruins zone.
7:58 of 3rd period - Minor Penalty to Nino Niederreiter for Cross-checking.
7:59 of 3rd period - Jack Eichel wins face-off versus Sean Couturier in Red Wings zone.
8:04 of 3rd period - Shot by Sam Reinhart.
8:04 of 3rd period - Stopped by Vitek Vanecek without a rebound.
8:05 of 3rd period - Jack Eichel wins face-off versus Sean Couturier in Red Wings zone.
8:08 of 3rd period - Shot by Tomas Hertl.
8:08 of 3rd period - Shot Misses the Net.
8:16 of 3rd period - Shot by Jack Eichel.
8:16 of 3rd period - Shot Misses the Net.
8:18 of 3rd period - Shot by Tomas Hertl.
8:18 of 3rd period - Shot Misses the Net.
8:20 of 3rd period - Shot by Jack Eichel.
8:20 of 3rd period - Stopped by Vitek Vanecek with a rebound.
8:22 of 3rd period - Shot by Tomas Hertl.
8:22 of 3rd period - Shot Blocked by Darnell Nurse.
8:24 of 3rd period - Shot by Sam Reinhart.
8:24 of 3rd period - Shot Misses the Net.
8:30 of 3rd period - Shot by Mattias Ekholm.
8:30 of 3rd period - Stopped by Vitek Vanecek without a rebound.
8:31 of 3rd period - Bryan Little wins face-off versus Oskar Sundqvist in Red Wings zone.
8:32 of 3rd period - Shot by Jakub Voracek.
8:32 of 3rd period - Shot Misses the Net.
8:34 of 3rd period - Shot by Carter Verhaeghe.
8:34 of 3rd period - Stopped by Vitek Vanecek without a rebound.
8:35 of 3rd period - Oskar Sundqvist wins face-off versus Bryan Little in Red Wings zone.
9:01 of 3rd period - Icing by Joel Edmundson.
9:02 of 3rd period - Oskar Sundqvist wins face-off versus Bryan Little in Bruins zone.
9:15 of 3rd period - Shot by Bryan Little.
9:15 of 3rd period - Shot Blocked by Oliver Ekman-Larsson.
9:26 of 3rd period - Icing by Jakub Voracek.
9:27 of 3rd period - Sean Couturier wins face-off versus Bryan Little in Bruins zone.
9:42 of 3rd period - Shot by Sean Couturier.
9:42 of 3rd period - Deflect By Miles Wood.
9:42 of 3rd period - Shot Blocked by Joel Edmundson.
10:47 of 3rd period - Mario Ferraro is hit by Derick Brassard and loses puck.
11:16 of 3rd period - Drake Caggiula is hit by Derek Stepan and loses puck.
11:58 of 3rd period - Shot by Jakub Voracek.
11:58 of 3rd period - Stopped by Vitek Vanecek with a rebound.
12:04 of 3rd period - Shot by Nick Schmaltz.
12:04 of 3rd period - Shot Blocked by Jack Johnson.
12:48 of 3rd period - Shot by Tomas Hertl.
12:48 of 3rd period - Stopped by Vitek Vanecek without a rebound.
12:49 of 3rd period - Jack Eichel wins face-off versus Oskar Sundqvist in Red Wings zone.
14:11 of 3rd period - Icing by Haydn Fleury.
14:12 of 3rd period - Derick Brassard wins face-off versus Jack Eichel in Bruins zone.
14:25 of 3rd period - Shot by Gustav Nyquist.
14:25 of 3rd period - Goal by Gustav Nyquist - Red Wings : 4 - Bruins : 4.
14:26 of 3rd period - Tomas Hertl wins face-off versus Derick Brassard in neutral zone.
14:39 of 3rd period - Shot by Tomas Hertl.
14:39 of 3rd period - Shot Misses the Net.
15:12 of 3rd period - Conor Garland is hit by Joel Edmundson and loses puck.
16:45 of 3rd period - Mattias Ekholm is hit by Oskar Sundqvist.
16:46 of 3rd period - Icing by Mattias Ekholm.
16:47 of 3rd period - Sean Couturier wins face-off versus Derek Stepan in Bruins zone.
16:51 of 3rd period - Icing by Joel Edmundson.
16:52 of 3rd period - Derek Stepan wins face-off versus Jakub Vrana in Bruins zone.
18:14 of 3rd period - Shot by Miles Wood.
18:14 of 3rd period - Stopped by Jack Campbell without a rebound.
18:15 of 3rd period - Dominik Kahun wins face-off versus Tomas Hertl in Bruins zone.
18:19 of 3rd period - Dominik Kahun is hit by Brenden Dillon and loses puck.
19:13 of 3rd period - Icing by Carter Verhaeghe.
19:14 of 3rd period - Oskar Sundqvist wins face-off versus Tomas Hertl in Bruins zone.
19:29 of 3rd period - Shot by Nino Niederreiter.
19:29 of 3rd period - Shot Blocked by Brenden Dillon.
19:30 of 3rd period - Minor Penalty to Nino Niederreiter for Holding.
19:31 of 3rd period - Sean Couturier wins face-off versus Jack Eichel in Red Wings zone.
Goals for this period are 1 for Red Wings vs 1 for Bruins.
Shots for this period are 5 for Red Wings vs 13 for Bruins.

Overtime #1


0:01 of 1st overtime period - Jack Eichel wins face-off versus Sean Couturier in neutral zone.
1:14 of 1st overtime period - Shot by Bryan Little.
1:14 of 1st overtime period - Shot Misses the Net.
1:26 of 1st overtime period - Shot by Sam Reinhart.
1:26 of 1st overtime period - Stopped by Vitek Vanecek without a rebound.
1:27 of 1st overtime period - Bryan Little wins face-off versus Oskar Sundqvist in Red Wings zone.
1:36 of 1st overtime period - Shot by Dominik Kubalik.
1:36 of 1st overtime period - Shot Misses the Net.
1:38 of 1st overtime period - Shot by Carter Verhaeghe.
1:38 of 1st overtime period - Shot Misses the Net.
1:40 of 1st overtime period - Shot by Dominik Kubalik.
1:40 of 1st overtime period - Stopped by Vitek Vanecek without a rebound.
1:41 of 1st overtime period - Jack Eichel wins face-off versus Sean Couturier in Red Wings zone.
1:55 of 1st overtime period - Shot by Darnell Nurse.
1:55 of 1st overtime period - Goal by Darnell Nurse - Red Wings : 5 - Bruins : 4.
Goals for this period are 1 for Red Wings vs 0 for Bruins.
Shots for this period are 1 for Red Wings vs 2 for Bruins.